 Dungeon Crawl Stone Soup version 0.25-a0-549-g6e6e6501ad (webtiles) character file.

Game seed: 5281460860649663977, levelgen mode: deterministic

6560 Eurus the Thaumaturge (level 10, -2/73 HPs)
             Began as a Mummy Conjurer on Feb 23, 2020.
             Was a Believer of Vehumet.
             Slain by a six-headed hydra (12 damage)
             ... on level 1 of the Lair of Beasts.
             The game lasted 00:37:32 (15986 turns).

Eurus the Thaumaturge (Mummy Conjurer)             Turns: 15986, Time: 00:37:33

Health: -2/73      AC: 13    Str: 12    XL:     10   Next: 70%
Magic:  3/23       EV: 11    Int: 18    God:    Vehumet [**....]
Gold:   338        SH:  0    Dex: 12    Spells: 13/27 levels left

rFire    x . .     SeeInvis .   o - +3 scimitar (freeze)
rCold    + . .     Gourm    .   (no shield)
rNeg     + + +     Faith    .   e - +4 ring mail {MR+}
rPois    ∞         Spirit   .   g - +0 helmet
rElec    .         Reflect  .   (no cloak)
rCorr    +         Harm     .   q - +0 pair of gloves
MR       ++...                  (no boots)
Stlth    +.........             (no amulet)
HPRegen  0.22/turn              h - ring of resist corrosion
MPRegen  0.18/turn              m - ring of wizardry

@: very slightly contaminated
A: no food or potions, fire vulnerability, cold resistance 1, negative energy
resistance 3, torment resistance, unbreathing
a: Renounce Religion


You were on level 1 of the Lair of Beasts.
You worshipped Vehumet.
Vehumet was pleased with you.
You were not hungry.

You visited 3 branches of the dungeon, and saw 11 of its levels.
You also visited: Ossuary.

You collected 638 gold pieces.
You spent 300 gold pieces at shops.

Inventory:

Hand Weapons
 o - a +3 scimitar of freezing (weapon)
Armour
 e - a +4 ring mail of magic resistance (worn)
 g - a +0 helmet (worn)
 q - a +0 pair of gloves (worn)
Jewellery
 h - a ring of resist corrosion (left hand)
 m - a ring of wizardry (right hand)
Wands
 c - a wand of random effects (13)
 i - a wand of acid (7)
Scrolls
 a - 2 scrolls of remove curse
 b - 13 scrolls of identify
 d - a scroll of blinking
 j - 2 scrolls of enchant weapon
 k - a scroll of teleportation
 l - a scroll of enchant armour
 n - a scroll of fog
 p - a scroll of amnesia


   Skills:
 + Level 4.5 Fighting
   Level 0.0 Short Blades
 + Level 7.6 Armour
 - Level 1.5 Dodging
 - Level 1.5 Stealth
 + Level 9.4 Spellcasting
 + Level 7.4 Conjurations
 + Level 5.3 Translocations


You had 13 spell levels left.
You knew the following spells:

 Your Spells              Type           Power        Failure   Level  Hunger
a - Magic Dart            Conj           ####         1%          1    N/A
b - Searing Ray           Conj           #####.       1%          2    N/A
c - Iskenderun's Mystic   Conj/Tloc      ####....     4%          4    N/A
d - Blink                 Tloc           N/A          1%          2    N/A
e - Foxfire               Conj/Fire      ###.         1%          1    N/A
f - Freeze                Ice            #...         7%          1    N/A
g - Static Discharge      Conj/Air       ###.....     4%          3    N/A

Your spell library contained the following spells:

 Spells                   Type           Power        Failure   Level  Hunger
 Conjure Flame            Conj/Fire      ###.....     4%          3    N/A
 Dazzling Flash           Conj/Hex       ###...       4%          3    N/A
 Corona                   Hex            #......      7%          1    N/A
 Mephitic Cloud           Conj/Pois/Air  ###.....     8%          3    N/A
 Call Imp                 Summ           #.......     11%         2    N/A
 Ensorcelled Hibernation  Hex/Ice        #.....       11%         2    N/A
 Slow                     Hex            #.......     11%         2    N/A
 Fulminant Prism          Conj/Hex       ###.......   14%         4    N/A
 Confusing Touch          Hex            #.......     21%         3    N/A
 Tukima's Dance           Hex            #.......     21%         3    N/A
 Agony                    Necr           #.......     86%         5    N/A
 Sublimation of Blood     Necr           Unusable     N/A         2    N/A

Dungeon Overview and Level Annotations

Branches:
Dungeon (9/15)             Temple (1/1) D:4            Lair (1/6) D:8
Ossuary (visited)
    Orc: D:9-12

Altars:
Ashenzari
Dithmenos
Elyvilon
Fedhas
Gozag
Hepliaklqana
Makhleb
Nemelex Xobeh
Okawaru
Qazlal
Ru
Sif Muna
Trog
Uskayaw
Vehumet
Wu Jian
Xom
Yredelemnul
Zin
The Shining One

Shops:
D:5 =[}*}

Annotations:
D:3 1 runed translucent door
D:5 exclusion: oklob plant
D:8 Joseph


Innate Abilities, Weirdness & Mutations

You do not eat or drink.
Your flesh is vulnerable to fire.
You are immune to poison.
Your flesh is cold resistant. (rC+)
You are immune to negative energy. (rN+++)
You are immune to unholy pain and torment.
You can survive without breathing.


Message History

Confirm with . or Enter, or press ? or * to list all spells.
You miscast Iskenderun's Mystic Blast.
You are very lightly contaminated with residual magic.
The floor and the ceiling briefly switch places.
The six-headed hydra misses you. The six-headed hydra bites you!
* * * LOW HITPOINT WARNING * * *
The six-headed hydra barely misses you.
The six-headed hydra bites you but does no damage. x2
The six-headed hydra bites you!
* * * LOW HITPOINT WARNING * * *
Casting: Iskenderun's Mystic Blast (safe; 4% risk of failure)
Confirm with . or Enter, or press ? or * to list all spells.
You miscast Iskenderun's Mystic Blast.
The floor and the ceiling briefly switch places.
The six-headed hydra closely misses you.
The six-headed hydra bites you but does no damage.
The six-headed hydra bites you.
* * * LOW HITPOINT WARNING * * *
The six-headed hydra bites you!
You die...

# ###### ###
##########..#.###########.#######
.............<.D@...........(....
.................#######........#
....###.#####.....###.#........#.
...##########....##...##.........
...........##....##...##........#
...........##.........##........#
...........##....##............##
...##......##..!.######........##
....###.##.......###≈≈≈........#b


You could see a six-headed hydra.

Vanquished Creatures
  Erica (D:8)
  A rime drake (Lair:1)
  2 hippogriffs
  3 yaks (Lair:1)
  A human (D:7)
  4 hogs (D:7)
  Menkaure (Ossuary)
  The ghost of Aaksess the Conjurer, an amateur DECj (D:3)
  5 water moccasins (Lair:1)
  3 porcupines
  A black bear (D:8)
  An orc warrior (D:8)
  An ice beast (D:7)
  3 ogres
  A phantom (D:6)
  2 crocodiles (Lair:1)
  A centaur (D:6)
  8 bullfrogs
  An elf zombie (Ossuary)
  2 scorpions (D:8)
  4 killer bees (D:8)
  5 wights
  6 crimson imps
  3 centaur zombies (Ossuary)
  3 hounds
  2 jellies
  5 bullfrog skeletons
  A centaur skeleton (D:5)
  An iguana (D:5)
  Ijyb (D:2)
  8 worker ants
  A big kobold zombie (Ossuary)
  2 ogre zombies (Ossuary)
  6 mummies (Ossuary)
  2 worker ant zombies
  10 adders
  2 river rats (D:3)
  An ooze (D:1)
  2 adder skeletons
  3 adder zombies (Ossuary)
  4 worms
  A dart slug (D:3)
  11 leopard geckos
  13 orcs
  3 giant cockroaches
  10 goblins
  5 hobgoblins
  7 jackals
  3 quokkas
  2 ball pythons (D:4)
  9 bats
  3 frilled lizards
  2 gnoll zombies (Ossuary)
  5 goblin zombies (Ossuary)
  3 hobgoblin zombies (Ossuary)
  7 kobolds
  2 kobold zombies (Ossuary)
  A leopard gecko skeleton (D:5)
  An orc zombie (Ossuary)
  4 quokka zombies (Ossuary)
  4 rats
  4 rat zombies
215 creatures vanquished.

Vanquished Creatures (others)
  8 fungi (D:8)
8 creatures vanquished.

Grand Total: 223 creatures vanquished

Notes
Turn   | Place    | Note
-------+----------+-------------------------------------------
     0 | D:1      | Eurus the Mummy Conjurer began the quest for the Orb.
     0 | D:1      | Reached XP level 1. HP: 13/13 MP: 4/4
   332 | D:1      | Reached XP level 2. HP: 20/20 MP: 3/5
   336 | D:1      | Learned a level 2 spell: Searing Ray
   417 | D:1      | Reached skill level 3 in Spellcasting
   822 | D:1      | Reached skill level 1 in Fighting
  1339 | D:2      | Reached XP level 3. HP: 26/26 MP: 2/7
  1594 | D:2      | Found a stormy altar of Qazlal.
  1596 | D:2      | Noticed an earth elemental
  1597 | D:2      | Noticed a fire elemental
  1597 | D:2      | Noticed an air elemental
  1597 | D:2      | Noticed a water elemental
  2035 | D:2      | Reached XP level 4. HP: 28/32 MP: 5/9
  2469 | D:2      | Found a shadowy altar of Dithmenos.
  2601 | D:2      | Found a shadowy altar of Dithmenos.
  3225 | D:3      | Noticed Ijyb
  3599 | D:2      | Killed Ijyb
  3867 | D:3      | Reached XP level 5. HP: 38/38 MP: 3/10
  3960 | D:3      | Reached skill level 4 in Spellcasting
  4136 | D:3      | Found a runed translucent door.
  4140 | D:3      | Noticed Aaksess's ghost (amateur DECj)
  4309 | D:3      | Found a runed translucent door.
  4534 | D:4      | Found a sparkling altar of Nemelex Xobeh.
  4649 | D:4      | Reached skill level 1 in Armour
  4903 | D:4      | Found a staircase to the Ecumenical Temple.
  4920 | Temple   | Entered the Ecumenical Temple
  5008 | Temple   | Became a worshipper of Vehumet
  5461 | D:4      | Found a bloodstained altar of Trog.
  5461 | D:4      | Found a glowing silver altar of Zin.
  5687 | D:5      | Entered Level 5 of the Dungeon
  5693 | D:5      | Reached XP level 6. HP: 34/44 MP: 5/12
  5790 | D:5      | Got an ancient chain mail
  5811 | D:5      | Found Ital Epp's Jewellery Shoppe.
  5934 | D:5      | Found Wuzaer's Armour Boutique.
  5956 | D:5      | Identified the cursed +0 chain mail of Birdsong {rCorr
                  | Int-3 Stlth+} (You found it on level 5 of the Dungeon)
  6018 | D:5      | Found Xydgh's Gadget Shop.
  6154 | D:5      | Found a white marble altar of Elyvilon.
  6179 | D:5      | Learned a level 4 spell: Iskenderun's Mystic Blast
  6182 | D:5      | Learned a level 2 spell: Blink
  6294 | D:5      | Got a polished leather armour
  6298 | D:5      | Found Efaov's Gadget Shop.
  6339 | D:5      | Identified the +0 leather armour of Sokh {+Inv rC+ MP+9
                  | Str+4} (You found it on level 5 of the Dungeon)
  6444 | D:5      | Found Opnacleacu's General Store.
  6456 | D:5      | Reached skill level 5 in Spellcasting
  6892 | D:5      | Found a blossoming altar of Fedhas.
  6913 | D:5      | Noticed an oklob plant
  7124 | D:4      | Found a shattered altar of Ashenzari.
  7199 | D:6      | Reached XP level 7. HP: 49/49 MP: 14/14
  7262 | D:6      | Reached skill level 5 in Conjurations
  7585 | D:6      | Reached skill level 1 in Translocations
  7795 | D:6      | Reached XP level 8. HP: 52/56 MP: 16/16
  7828 | D:6      | Reached skill level 6 in Spellcasting
  7945 | D:6      | Found a shimmering blue altar of Sif Muna.
  8859 | D:7      | Found a sand-covered staircase.
  8870 | Ossuary  | Entered an ossuary
  9280 | Ossuary  | Reached skill level 5 in Armour
  9797 | Ossuary  | Reached * piety under Vehumet
  9797 | Ossuary  | Offered knowledge of Foxfire by Vehumet.
  9814 | Ossuary  | Learned a level 1 spell: Foxfire
 10152 | Ossuary  | Noticed Menkaure
 10180 | Ossuary  | Killed Menkaure
 10426 | D:7      | Reached skill level 7 in Spellcasting
 10610 | D:7      | Reached XP level 9. HP: 54/61 MP: 19/19
 11189 | D:7      | Reached ** piety under Vehumet
 11189 | D:7      | Offered knowledge of Freeze by Vehumet.
 11192 | D:7      | Learned a level 1 spell: Freeze
 11847 | D:8      | Noticed Joseph
 12154 | D:8      | Found an opulent altar of Gozag.
 12488 | D:8      | Reached skill level 8 in Spellcasting
 13223 | D:8      | Found a staircase to the Lair.
 13240 | D:8      | Reached XP level 10. HP: 70/70 MP: 22/22
 13406 | D:8      | Noticed Erica
 13663 | Lair:1   | Entered Level 1 of the Lair of Beasts
 13837 | D:5      | Bought an uncursed ring of wizardry for 300 gold pieces
 14028 | D:3      | Killed Aaksess's ghost
 14744 | Lair:1   | Identified the Disquisition on Excruciating Sinister
                  | Secrets
 14807 | Lair:1   | Reached skill level 9 in Spellcasting
 15109 | Lair:1   | Offered knowledge of Static Discharge by Vehumet.
 15125 | Lair:1   | Learned a level 3 spell: Static Discharge
 15355 | Lair:1   | Reached skill level 5 in Translocations
 15689 | Lair:1   | Noticed a six-headed hydra
 15848 | D:8      | Killed Erica
 15986 | Lair:1   | Slain by a six-headed hydra

Levels and vault maps discovered:
D:1:      minmay_arrival_widening_spiral_narrow, layout_loops_cross
D:2:      layout_basic, nicolae_qazlal_style_of_elements, lemuel_doored_altar,
          grunt_dithmenos_smoke_and_mirrors
D:3:      layout_loops_ring, ebering_ghost_sewer_f, grunt_ministairs_4,
          kennysheep_boxes, uniq_ijyb
D:4:      layout_cave_pods, old_standard_altar, nicolae_overflow_hidden_temple,
          minmay_temple_entry_gardened_gates
D:5:      layout_loops_ring, tgw_fedhas, nicolae_overflow_crystal_walls,
          serial_shops, shop, shop_fountains, shop, nicolae_shop_statue_plus,
          shop, first_ration
D:6:      layout_loops_ring, overflow_temple_1_default
D:7:      layout_loops_ring, enter_ossuary_3, grunt_livestock
D:8:      layout_loops_corners, nicolae_gozag_cash_rules_everything_around_me,
          grunt_lair_entry_orc_guard_hut, uniq_erica, uniq_joseph
D:9:      layout_loops_ring, kiku_gazebo_garden_becter, cheibriados_altar_1
Temple:   zaba_magenta_temple
Lair:1:   dragon1_lemuel, layout_regular_city, gauntlet_entry_generic,
          chequers_serial_rivers_small_b, lemuel_fruit_fields,
          lemuel_fruit_fields, grunt_megastairs_1

Skill      XL: |  1  2  3  4  5  6  7  8  9 10 |
---------------+-------------------------------+-----
Spellcasting   | 3 4 5 7 8 9 |  9.4
Fighting       | 1 3 4 |  4.5
Conjurations   | 4 5 6 7 |  7.4
Armour         | 2 3 4 5 7 |  7.6
Translocations | 1 3 4 5 |  5.3
Dodging        | |  1.5
Stealth        | |  1.5

Action                   |  1- 3 |  4- 6 |  7- 9 | 10-12 || total
-------------------------+-------+-------+-------+-------++-------
Melee: Unarmed           |    12 |       |       |       ||    12
       Dagger            |    44 |    79 |    96 |       ||   219
       Scimitar          |       |       |     9 |     9 ||    18
 Cast: Magic Dart        |    50 |    53 |    38 |    15 ||   156
       Searing Ray       |     6 |    32 |    87 |    25 ||   150
       Iskenderun's Myst |       |       |       |     8 ||     8
  Use: Scroll            |       |    10 |     3 |     3 ||    16
 Stab: Sleeping          |       |     2 |     2 |       ||     4
Armor: Robe              |    17 |    11 |       |       ||    28
       Leather armour    |       |     2 |    51 |    11 ||    64
       Ring mail         |       |       |       |    27 ||    27
Dodge: Dodged            |    58 |   102 |    98 |    45 ||   303
       Rpst.: Scimitar   |       |       |     9 |     8 ||    17

Table legend:
 A = Non-vault XP
 B = Vault XP
 C = Vault XP percentage of total XP
 D = Non-vault monster count
 E = Vault monster count
 F = Vault count percentage of total count
                 A         B        C        D         E       F
            +---------+---------+-------+---------+---------+-------
      Total |    5534 |    3838 |  41.0 |     152 |      63 |  29.3
            +---------+---------+-------+---------+---------+-------
        D:1 |      38 |       0 |   0.0 |      21 |       0 |   0.0
        D:2 |      72 |      36 |  33.3 |      22 |       1 |   4.3
        D:3 |      76 |     269 |  78.0 |      21 |       9 |  30.0
        D:4 |     129 |       0 |   0.0 |      10 |       0 |   0.0
        D:5 |     368 |       0 |   0.0 |      13 |       0 |   0.0
        D:6 |    1089 |       0 |   0.0 |      18 |       0 |   0.0
        D:7 |     597 |     967 |  61.8 |      13 |       6 |  31.6
        D:8 |    1079 |    1569 |  59.3 |      23 |       7 |  23.3
     Lair:1 |    2086 |     374 |  15.2 |      11 |       3 |  21.4
    Ossuary |       0 |     623 | 100.0 |       0 |      37 | 100.0
            +---------+---------+-------+---------+---------+-------
